 Dungeon Crawl Stone Soup version 0.21.1-1-g345015f (webtiles) character file.

245 inc the Shield-Bearer (level 6, -2/42 HPs)
             Began as an Octopode Fighter on Apr 24, 2018.
             Killed by nerve-wracking pain
             ... invoked by an orc priest
              (13 damage)
             ... on level 3 of the Dungeon.
             The game lasted 00:03:44 (1472 turns).

inc the Shield-Bearer (Octopode Fighter)            Turns: 1472, Time: 00:03:46

Health: -2/42      AC:  1    Str: 13    XL:     6   Next: 10%
Magic:  6/6        EV: 12    Int: 10    God:
Gold:   110        SH:  9    Dex: 14    Spells: 5/5 levels left

rFire    . . .     SeeInvis .   u - -2 flail
rCold    . . .     Gourm    .   b - +0 shield
rNeg     . . .     Faith    .   (helmet restricted)
rPois    .         Spirit   .   (no amulet)
rElec    .         Reflect  .   (no ring)
rCorr    .         Harm     .   (no ring)
MR       .....                  (no ring)
Stlth    ++........             (no ring)
HPRegen  0.14/turn              (no ring)
MPRegen  0.10/turn              (no ring)
                                (no ring)
                                (no ring)

@: no status effects
A: almost no armour, stealthy swim, amphibious, 8 rings, constrict 8, tentacle
spike 1, camouflage 1, blink, weak 1, gelatinous body 1, evolution 1
a: Blink


You were on level 3 of the Dungeon.
You were not hungry.

You visited 1 branch of the dungeon, and saw 3 of its levels.

You collected 110 gold pieces.

Inventory:

Hand Weapons
 a - a +0 flail
 r - a +2 mace of holy wrath
 u - a -2 flail (weapon)
Armour
 b - a +0 shield (worn)
Wands
 q - a wand of random effects (21)
Scrolls
 g - a scroll of teleportation
 h - 3 scrolls of remove curse
 l - a scroll of enchant weapon {unknown}
 m - 2 scrolls of amnesia
Potions
 c - a potion of might
 e - 2 potions of haste {unknown}
 f - 3 potions of curing
 i - a potion of heal wounds {unknown}
 j - a potion of agility {unknown}
 n - a potion of brilliance {unknown}
 o - 2 potions of lignification {unknown}
 s - a potion of degeneration {unknown}
Comestibles
 d - 3 rations
 k - 2 chunks of flesh


   Skills:
 - Level 3.0 Fighting
 + Level 4.2 Maces & Flails
 - Level 3.0 Dodging
 + Level 5.3 Shields


You had 5 spell levels left.
You didn't know any spells.

Dungeon Overview and Level Annotations

Branches:
Dungeon (3/15)

Altars:
Kikubaaqudgha
Yredelemnul


Innate Abilities, Weirdness & Mutations

You cannot wear most types of armour.
You are very stealthy in the water. (Stealth+)
You are amphibious.
You can wear up to eight rings at the same time.
You can use your tentacles to constrict eight enemies at once.
Your skin changes colour to match your surroundings (Stealth+).
Your rubbery body absorbs attacks. (AC +1, EV +1)
One of your tentacles bears a spike.
You can translocate small distances at will.
You are weak. (Str -2)
You evolve.


Message History

The orc shouts!
You hear a shout!
An orc comes into view. It is wielding a falchion.
The orc shouts!
The orc priest mumbles some strange prayers to Beogh against you.
Beogh smites you!
An orc comes into view. It is wielding a club.
You barely miss the orc. You grab the orc.
You pierce the orc.
The orc is severely wounded.
You constrict the orc.
You kill the orc!
The orc priest mumbles some strange prayers to Beogh against you.
Beogh smites you!
* * * LOW HITPOINT WARNING * * *
You hit the orc priest but do no damage.
You grab the orc priest.
You pierce the orc priest.
You squeeze the orc priest!
The orc priest is severely wounded.
You constrict the orc priest.
The orc priest mumbles some strange prayers to Beogh against you.
Pain shoots through your body!
You die...

#.#
#.#####
#.....#
#####.#
#.# #.#
#.# #.#
#@# #o#
#o# #o<
###


You could see an orc priest and 2 orcs.

Vanquished Creatures
  A bullfrog (D:3)
  2 orc priests (D:3)
  Terence (D:2)
  2 adders
  3 gnolls (D:2)
  2 dart slugs
  2 leopard geckos (D:2)
  3 orcs (D:3)
  3 bats
  4 giant cockroaches
  2 gnoll zombies (D:2)
  6 goblins
  3 hobgoblins
  2 kobolds (D:1)
  A ball python (D:1)
  A frilled lizard (D:1)
  3 rats (D:1)
41 creatures vanquished.

Notes
Turn   | Place    | Note
-------+----------+-------------------------------------------
     0 | D:1      | inc the Octopode Fighter began the quest for the Orb.
     0 | D:1      | Reached XP level 1. HP: 16/16 MP: 1/1
   148 | D:1      | Reached XP level 2. HP: 21/21 MP: 2/2
   628 | D:2      | Reached XP level 3. HP: 26/26 MP: 3/3
   632 | D:2      | Found a basalt altar of Yredelemnul.
   667 | D:2      | Found an ancient bone altar of Kikubaaqudgha.
   704 | D:2      | Reached skill level 4 in Shields
   990 | D:2      | Noticed Terence
   997 | D:2      | Killed Terence
   997 | D:2      | Reached XP level 4. HP: 22/31 MP: 4/4
  1195 | D:3      | Noticed a bullfrog
  1199 | D:3      | Killed a bullfrog
  1199 | D:3      | Reached skill level 5 in Shields
  1199 | D:3      | Reached XP level 5. HP: 21/36 MP: 5/5
  1351 | D:2      | Gained mutation: You are robust. (+10% HP) [potion of mutation]
  1351 | D:2      | Gained mutation: You are weak. (Str -2) [potion of mutation]
  1351 | D:2      | Gained mutation: Your flesh is heat resistant. (rF+) [potion of mutation]
  1352 | D:2      | Lost mutation: You are weak. (Str -2) [potion of mutation]
  1352 | D:2      | Lost mutation: You are robust. (+10% HP) [potion of mutation]
  1352 | D:2      | Lost mutation: Your flesh is heat resistant. (rF+) [potion of mutation]
  1352 | D:2      | Gained mutation: You can translocate small distances at will. [potion of mutation]
  1352 | D:2      | Gained mutation: One of your tentacles bears a spike. [potion of mutation]
  1352 | D:2      | Gained mutation: You have a pair of small antennae on your head. [potion of mutation]
  1352 | D:2      | Gained mutation: One of your tentacles bears a nasty spike. [potion of mutation]
  1353 | D:2      | Lost mutation: One of your tentacles bears a nasty spike. [potion of mutation]
  1353 | D:2      | Lost mutation: You have a pair of small antennae on your head. [potion of mutation]
  1353 | D:2      | Gained mutation: You are weak. (Str -2) [potion of mutation]
  1353 | D:2      | Gained mutation: You evolve. [potion of mutation]
  1378 | D:3      | Reached XP level 6. HP: 37/42 MP: 6/6
  1472 | D:3      | Killed from afar by an orc priest

Skill      XL: |  1  2  3  4  5 |
---------------+----------------+-----
Shields        | 4 5 |  5.3
Maces & Flails | 3 4 |  4.2
Fighting       | |  3.0
Dodging        | |  3.0

Action                   |  1- 3 |  4- 6 || total
-------------------------+-------+-------++-------
Melee: Flail             |    44 |    20 ||    64
       Constrict         |    12 |    11 ||    23
       Tentacles         |     7 |     7 ||    14
       Mace              |       |    11 ||    11
       Kick              |       |     7 ||     7
  Use: Scroll            |       |     5 ||     5
       Potion            |       |     3 ||     3
 Stab: Sleeping          |     5 |     1 ||     6
  Eat: Chunk             |       |     2 ||     2
Armor: Skin              |     3 |     2 ||     5
Dodge: Dodged            |    17 |    15 ||    32
Block: Shield            |    16 |     5 ||    21
